[Event "Tuesday Night Engine Tour 9 rd Swiss 7m+2s Starts at 2200hrs ST"]
[Site "Infinity Chess"]
[Date "2018.4.25"]
[Round "9"]
[White "stormbreaker990"]
[Black "Deep_Impact"]
[Result "1/2-1/2"]
[ECO "D31"]
[WhiteElo "2575"]
[BlackElo "2529"]
[WhiteEngine "Cryptic Heroes 9.4B"]
[BlackEngine "BrainFish_180411_x64_bmi2"]
[EventType "Swiss"]
[WhiteTeam ""]
[BlackTeam ""]
[PlyCount "236"]
[TimeControl "420+2"]

1. d4 d5 2. c4 e6 3. Nc3 c6 4. Nf3 Nf6 5. e3 Nbd7 6. h3 a6 7. c5 e5 8. b4 e4 
9. Nd2 g6 10. Qa4 Bg7 11. Qa5 b6 12. cxb6 Nxb6 13. Nb3 Nfd7 14. Bd2 O-O 
15. Rc1 Re8 16. Na4 Nxa4 17. Qxa4 Nb6 18. Qxc6 Bd7 19. Qc2 Ba4 20. Be2 Bf8 
21. Qc7 Qf6 22. Nc5 Rec8 23. Qf4 Qd8 24. Bxa6 Bd6 25. Qg4 Bxc5 26. dxc5 Rxa6 
27. cxb6 Rxc1+ 28. Bxc1 h5 29. Qf4 Qxb6 30. O-O Qxb4 31. Qe5 Qd6 32. Qd4 f6 
33. Bb2 Kf7 34. Rb1 g5 35. Bc3 Qc6 36. Qd2 Kg6 37. Rb8 Qc4 38. Rg8+ Kh7 
39. Rf8 Kg7 40. Rb8 Kg6 41. Rg8+ Kh7 42. Rd8 Kg6 43. Rxd5 Rc6 44. Bb4 Qc2 
45. Qxc2 Rxc2 46. Rd2 Rxd2 47. Bxd2 h4 48. Bc3 Bd7 49. Bb2 Kg7 50. a3 Kg6 
51. Bd4 Kf5 52. Kh2 Kg6 53. g3 Kf7 54. Kg2 Kg6 55. Bc5 Kf5 56. Be7 Bb5 
57. Kh2 Ke6 58. Bb4 Bc6 59. Kg2 Bb5 60. Bc3 Bd7 61. Be1 Ke5 62. Bd2 Bc6 
63. Bc3+ Ke6 64. Bd2 Kf7 65. Kh2 Ke6 66. Kg2 Kf5 67. Kh2 Kg6 68. Kg2 Bd7 
69. Bc1 Kf5 70. Bd2 Bb5 71. Bc3 Ke6 72. Bd4 Bd7 73. Bb6 Ke5 74. Bd4+ Ke6 
75. Bb6 Kf5 76. Bc5 Ke6 77. Kh2 Kf5 78. Bd4 Kg6 79. Kg2 Kf7 80. Bc3 Kg6 
81. Ba5 Kf7 82. Bc7 Kg6 83. Ba5 Bc8 84. Kh2 Bd7 85. Bd2 Kf5 86. Ba5 Kg6 
87. Bb6 Kf7 88. gxh4 gxh4 89. Bd4 Ke6 90. Bb6 Kd5 91. Bd4 Ke6 92. Bc3 Bb5 
93. Ba5 Bd7 94. Kg1 Kf5 95. Kg2 Ke6 96. Bb4 Kf5 97. Ba5 Ke5 98. Bd8 Kf5 
99. Bc7 Kg5 100. Bb6 Kg6 101. Bc5 Kf7 102. Bb4 Ke6 103. Be1 Kf5 104. Kh2 Kg5 
105. Bc3 Kf5 106. Kg2 Ba4 107. Kf1 Bd7 108. Kg2 Ba4 109. Bd4 Bd7 110. Kg1 Be8 
111. Kg2 Bd7 112. Bb2 Ba4 113. Kf1 Bd7 114. Kg1 Bc6 115. Kf1 Ba4 116. Ba1 Kg5 
117. Bd4 Bd7 118. Kg2 Kf5 1/2-1/2

[Event "Tuesday Night Engine Tour 9 rd Swiss 7m+2s Starts at 2200hrs ST"]
[Site "Infinity Chess"]
[Date "2018.4.25"]
[Round "9"]
[White "KRAKEN"]
[Black "blindfoldchess"]
[Result "1/2-1/2"]
[ECO "A50"]
[WhiteElo "2563"]
[BlackElo "2542"]
[WhiteEngine "Raubfisch ME262_GTZ17b2_CTG"]
[BlackEngine "Cryptic Heroes 9.4B"]
[EventType "Swiss"]
[WhiteTeam ""]
[BlackTeam ""]
[PlyCount "174"]
[TimeControl "420+2"]

1. d4 Nf6 2. c4 c6 3. e3 d5 4. Nf3 Bf5 5. Nc3 e6 6. Nh4 Be4 7. f3 Bg6 8. Qb3 Qc7 
9. Bd2 Be7 10. g3 O-O 11. Nxg6 hxg6 12. Rc1 dxc4 13. Bxc4 Nbd7 14. O-O e5 
15. Rfd1 exd4 16. Nb5 Qb6 17. Nxd4 Bc5 18. Nc2 g5 19. h3 Qc7 20. Be1 Nb6 
21. Kg2 Nxc4 22. Qxc4 Bb6 23. e4 Rfd8 24. Nd4 Rd7 25. Nf5 Rad8 26. Qe2 g6 
27. Rxd7 Qxd7 28. Ne3 Qd3 29. Qxd3 Rxd3 30. Nc4 Bc7 31. Na5 Bxa5 32. Bxa5 Nd7 
33. Rc2 f6 34. Rd2 Rxd2+ 35. Bxd2 c5 36. f4 gxf4 37. Bxf4 g5 38. Bc7 b5 
39. Kf2 Kf7 40. Ke3 a6 41. Bd6 Ke6 42. Bc7 Ne5 43. b3 Kf7 44. Bxe5 fxe5 
45. a3 Kf6 46. a4 Kf7 47. axb5 axb5 48. Kd3 Kf6 49. Ke3 Ke6 50. b4 c4 
51. Kd2 Kf7 52. Kc3 Ke6 53. g4 Kf6 54. Kc2 Ke6 55. Kd2 Kd7 56. Kc3 Kc6 
57. Kc2 Kb6 58. Kd1 Kc6 59. Ke1 Kc7 60. Ke2 Kb6 61. Ke1 Kc6 62. Kd2 Kc7 
63. Ke3 Kc6 64. Kd2 Kb6 65. Kc2 Kc7 66. Kd2 Kc6 67. Kc2 Kb7 68. Kc3 Kc7 
69. Kb2 Kd8 70. Kb1 Kc8 71. Kc2 Kc7 72. Kd2 Kb7 73. Kc2 Ka6 74. Kc3 Kb6 
75. Kd2 Kc7 76. Ke2 Kd8 77. Ke3 Ke8 78. Ke2 Kf7 79. Ke3 Kg7 80. Kd2 Kg6 
81. Kc3 Kf6 82. Kc2 Kg6 83. Kd2 Kf7 84. Kc1 Ke6 85. Kb1 Kd7 86. Kc1 Kc8 
87. Kc2 Kc7 1/2-1/2

[Event "Tuesday Night Engine Tour 9 rd Swiss 7m+2s Starts at 2200hrs ST"]
[Site "Infinity Chess"]
[Date "2018.4.25"]
[Round "9"]
[White "juggernaut"]
[Black "Susanne"]
[Result "1/2-1/2"]
[ECO "A46"]
[WhiteElo "2563"]
[BlackElo "2611"]
[WhiteEngine "Cryptic Heroes 9.4B"]
[BlackEngine "asmFishW_IX_bmi2_CTG"]
[EventType "Swiss"]
[WhiteTeam ""]
[BlackTeam ""]
[PlyCount "151"]
[TimeControl "420+2"]

1. d4 Nf6 2. Nf3 d5 3. e3 e6 4. Nbd2 c5 5. b3 b6 6. Bb2 Nbd7 7. c4 Bb7 
8. dxc5 Bxc5 9. cxd5 Bxd5 10. Bb5 a6 11. Bd3 O-O 12. Qe2 Bb7 13. O-O Qe7 
14. a3 b5 15. b4 Bd6 16. e4 e5 17. Rfd1 Rac8 18. Rac1 Bb8 19. Bc2 Rfd8 
20. h3 Nh5 21. Nb3 Nf4 22. Qe3 h6 23. Kh2 Ne6 24. g3 Qf6 25. Rd3 Bc7 26. Rd2 Ba8 
27. Qe2 Nb6 28. Rxd8+ Rxd8 29. Nbd2 Bb8 30. Rd1 Bb7 31. Ba1 Bc8 32. Bb3 Nf8 
33. Kg2 Be6 34. Rc1 Ng6 35. Rc2 Qe7 36. Rc6 Rd6 37. Rxd6 Qxd6 38. Bxe6 Qxe6 
39. Qd3 Qd6 40. Ne1 f6 41. h4 Qc7 42. Qc2 Qd7 43. Qd3 Qb7 44. Bb2 Ba7 
45. Nc2 Nc8 46. Bc1 Qb6 47. Ne3 Nd6 48. Qd5+ Kh7 49. h5 Ne7 50. Qe6 Qc7 
51. Ng4 Nec8 52. Bb2 Qe7 53. Qxe7 Nxe7 54. Bc3 Nc6 55. f4 exf4 56. gxf4 Nd4 
57. Bb2 Kg8 58. e5 fxe5 59. Nxe5 Ne2 60. Kf3 Bd4 61. Kxe2 Bxb2 62. Nd3 Bc3 
63. Nc5 Bb2 64. Nxa6 Bxa3 65. Kf3 Kf7 66. Ne4 Nxe4 67. Kxe4 g6 68. hxg6+ Kxg6 
69. Nc7 h5 70. f5+ Kg5 71. Nxb5 Bxb4 72. Nd4 Be7 73. Nf3+ Kf6 74. Kf4 Bb4 
75. Nh4 Be1 76. Nf3 1/2-1/2

[Event "Tuesday Night Engine Tour 9 rd Swiss 7m+2s Starts at 2200hrs ST"]
[Site "Infinity Chess"]
[Date "2018.4.25"]
[Round "9"]
[White "Dovahkiin"]
[Black "Murx"]
[Result "1/2-1/2"]
[ECO "C55"]
[WhiteElo "2482"]
[BlackElo "2574"]
[WhiteEngine "BrainFish_180423_x64_modern_CTG"]
[BlackEngine "asmFishW_2018-04-07_popcnt"]
[EventType "Swiss"]
[WhiteTeam ""]
[BlackTeam ""]
[PlyCount "91"]
[TimeControl "420+2"]

1. e4 e5 2. Nf3 Nc6 3. Bc4 Nf6 4. d3 Bc5 5. O-O d6 6. c3 O-O 7. Bg5 h6 8. Bh4 a5 
9. a4 g5 10. Bg3 Kg7 11. Nbd2 Ba7 12. Re1 Ng8 13. Nf1 h5 14. h3 Nh6 15. d4 g4 
16. Bh4 Qe8 17. N3h2 f5 18. hxg4 fxg4 19. Ne3 exd4 20. Nf5+ Bxf5 21. exf5 Nxf5 
22. Rxe8 Raxe8 23. Bg3 Nxg3 24. fxg3 dxc3+ 25. Kh1 cxb2 26. Rb1 Rf2 27. Qd5 Ne5 
28. Qb5 Rh8 29. Rxb2 h4 30. gxh4 Rxh4 31. Qe8 Rxh2+ 32. Kxh2 Rxb2 33. Qe7+ Kg6 
34. Bd5 Re2 35. Qxc7 Bc5 36. Qxb7 Bf2 37. Be4+ Kf6 38. Qh7 g3+ 39. Kh3 Re1 
40. Qh4+ Ke6 41. Qh6+ Ke7 42. Qg7+ Ke6 43. Qh6+ Ke7 44. Qg7+ Ke6 45. Qg8+ Ke7 
46. Qg7+ 1/2-1/2

[Event "Tuesday Night Engine Tour 9 rd Swiss 7m+2s Starts at 2200hrs ST"]
[Site "Infinity Chess"]
[Date "2018.4.25"]
[Round "8"]
[White "Vimtiroba"]
[Black "SkyPilot"]
[Result "1/2-1/2"]
[ECO "A06"]
[WhiteElo "2487"]
[BlackElo "2498"]
[WhiteEngine "SF9 ''A24''_CTG"]
[BlackEngine "stockfish_x64_bmi2_2018_04_07_CTG"]
[EventType "Swiss"]
[WhiteTeam ""]
[BlackTeam ""]
[PlyCount "127"]
[TimeControl "420+2"]

1. Nf3 d5 2. d4 Nf6 3. e3 c5 4. b3 Nc6 5. Bb2 e6 6. Nbd2 cxd4 7. exd4 Bd6 
8. Bd3 O-O 9. O-O b6 10. a3 Bb7 11. Re1 Rc8 12. Ne5 g6 13. g3 a5 14. Qe2 Rc7 
15. h3 Be7 16. c3 Ne8 17. Rad1 Nf6 18. Ng4 a4 19. b4 Na7 20. Rc1 Nxg4 
21. hxg4 Bf6 22. f4 Bg7 23. Kg2 Nc8 24. g5 Nd6 25. Rh1 Qc8 26. Kh2 b5 27. Nf3 f6 
28. gxf6 Bxf6 29. Rhg1 Bg7 30. Ng5 Re7 31. Rg2 Nc4 32. Nf3 Rff7 33. Ng5 Rf8 
34. Re1 Rfe8 35. Nf3 Qc7 36. Bc1 Nd6 37. Qf1 Rc8 38. Rc2 Qd7 39. Bd2 Rc7 
40. Re2 Nc4 41. Bc1 Nd6 42. Bd2 Bf6 43. Rg2 Bc6 44. g4 Ne4 45. Be3 Qc8 
46. Rc1 Be8 47. g5 Bh8 48. Rgc2 Nxc3 49. Qh3 Rc6 50. Ne5 Bxe5 51. dxe5 Rec7 
52. Bc5 Rxc5 53. bxc5 d4 54. Rxc3 dxc3 55. Rxc3 Rxc5 56. Rxc5 Qxc5 57. Qxe6+ Bf7 
58. Qd6 Qf2+ 59. Kh1 b4 60. Qd8+ Kg7 61. Qf6+ Kg8 62. Qd8+ Kg7 63. Qf6+ Kg8 
64. Qd8+ 1/2-1/2

[Event "Tuesday Night Engine Tour 9 rd Swiss 7m+2s Starts at 2200hrs ST"]
[Site "Infinity Chess"]
[Date "2018.4.25"]
[Round "8"]
[White "OlivierEvan"]
[Black "Victorious"]
[Result "0-1"]
[ECO "A00"]
[WhiteElo "2410"]
[BlackElo "2498"]
[WhiteEngine "Houdini 6"]
[BlackEngine "CFish_210418_x64_N_pop_LTO_730mingw"]
[EventType "Swiss"]
[WhiteTeam ""]
[BlackTeam ""]
[PlyCount "154"]
[TimeControl "420+2"]

1. e3 e5 2. g4 d5 3. d4 Nc6 4. Nc3 Be6 5. dxe5 Nxe5 6. h3 h5 7. Nf3 Nxf3+ 
8. Qxf3 hxg4 9. hxg4 Bxg4 10. Qg2 Rxh1 11. Qxh1 Nf6 12. Bd2 Qd6 13. Qg2 a6 
14. f3 Bf5 15. O-O-O O-O-O 16. Kb1 Qc6 17. Be1 Re8 18. Bd3 Bxd3 19. Rxd3 d4 
20. Rxd4 Rxe3 21. Qd2 Re8 22. Qd1 Bd6 23. Bh4 Nd7 24. Nd5 Nb6 25. Nxb6+ Qxb6 
26. Bg5 Qb5 27. Bc1 Qe2 28. Qh1 g6 29. a3 Kb8 30. Rd3 Qe1 31. Qh6 b6 32. Qg5 Rh8 
33. Qd2 Qxd2 34. Bxd2 Rh1+ 35. Ka2 Kb7 36. b4 Kc6 37. Kb3 Rd1 38. a4 b5 
39. axb5+ axb5 40. Kb2 f6 41. Ka2 g5 42. Kb3 Be5 43. Ka2 Ra1+ 44. Kb3 Rb1+ 
45. Ka3 Ra1+ 46. Kb3 Rb1+ 47. Ka3 Rb2 48. c3 Rb1 49. Be3 Rh1 50. Kb3 Rh3 
51. Bf2 g4 52. Bc5 Rxf3 53. Rxf3 gxf3 54. Kc2 Bg3 55. Kd3 Kd5 56. Bd4 f2 
57. Ke2 f1=Q+ 58. Kxf1 Be5 59. Bf2 Bxc3 60. Bh4 Kc4 61. Bg3 Bxb4 62. Ke2 Bd6 
63. Bf2 b4 64. Be3 b3 65. Kd2 Be5 66. Bh6 f5 67. Be3 f4 68. Bf2 Bd4 69. Bh4 Be3+ 
70. Ke2 b2 71. Bg5 b1=Q 72. Bxf4 Bxf4 73. Kf3 Be5 74. Kg4 Qg6+ 75. Kf3 Kd3 
76. Kf2 Bh2 77. Ke1 Qg1# 0-1

[Event "Tuesday Night Engine Tour 9 rd Swiss 7m+2s Starts at 2200hrs ST"]
[Site "Infinity Chess"]
[Date "2018.4.25"]
[Round "8"]
[White "Dovahkiin"]
[Black "firestar"]
[Result "1-0"]
[ECO "B32"]
[WhiteElo "2466"]
[BlackElo "2472"]
[WhiteEngine "BrainFish_180423_x64_modern_CTG"]
[BlackEngine "Cryptic Heroes 9.4B"]
[EventType "Swiss"]
[WhiteTeam ""]
[BlackTeam ""]
[PlyCount "209"]
[TimeControl "420+2"]

1. e4 c5 2. Nf3 Nc6 3. d4 cxd4 4. Nxd4 e5 5. Nb5 d6 6. N1c3 a6 7. Na3 b5 
8. Nd5 Nf6 9. Bg5 Be7 10. Bxf6 Bxf6 11. c3 O-O 12. Nc2 Be6 13. h4 g6 14. g3 Bg7 
15. h5 Ne7 16. Nce3 Nxd5 17. Nxd5 Qd7 18. Qd2 Rab8 19. Rd1 Rfc8 20. Be2 Rc5 
21. Nb4 Rb6 22. Qe3 a5 23. Nd5 Rb7 24. h6 Bh8 25. b4 axb4 26. cxb4 Rc2 
27. a3 Bxd5 28. Rxd5 Bf6 29. O-O Be7 30. Rc1 Rxc1+ 31. Qxc1 Rb6 32. Qe3 Rb8 
33. Kg2 Bf8 34. Bd1 Kh8 35. Bb3 Qc7 36. Qf3 Kg8 37. Qe3 Kh8 38. Rd1 Qe7 
39. Rh1 Rc8 40. Rc1 Rb8 41. Rc6 f5 42. exf5 gxf5 43. Qc3 Bxh6 44. Rc7 Qf6 
45. Rf7 Qg6 46. Qc7 Rg8 47. Be6 Rf8 48. Rxf8+ Bxf8 49. Qc8 Kg7 50. Bxf5 Qf6 
51. Be4 h5 52. Qb7+ Be7 53. Qxb5 h4 54. Qd7 hxg3 55. fxg3 Kf7 56. Bd5+ Kf8 
57. Qg4 Ke8 58. Qc8+ Bd8 59. a4 e4 60. Bxe4 Qb2+ 61. Kh3 Qh8+ 62. Kg4 Qg8+ 
63. Kf4 Qg5+ 64. Kf3 Qh5+ 65. Qg4 Qe5 66. Bc6+ Kf7 67. Qc4+ Kg7 68. a5 Qf6+ 
69. Kg2 Qb2+ 70. Kh3 Qf6 71. Bd5 Qe5 72. Kg2 Kg6 73. Bf3 Qb2+ 74. Be2 Kg7 
75. Qe6 Qd2 76. Qd7+ Kh6 77. Kf1 Qc1+ 78. Kf2 Bc7 79. Qe6+ Kg7 80. Qe7+ Kg8 
81. Qe3 Qb2 82. Qe6+ Kh7 83. Qf7+ Qg7 84. Qxg7+ Kxg7 85. Ke3 Kf7 86. Kd4 Ke6 
87. Bg4+ Kf6 88. Kd5 Kg5 89. Be2 Bd8 90. a6 Bb6 91. b5 Bf2 92. Kxd6 Kf5 
93. Kc6 Ke4 94. b6 Ke3 95. b7 Kxe2 96. b8=Q Kf1 97. a7 Bxa7 98. Qxa7 Ke2 
99. Qd4 Kf3 100. Kd5 Kxg3 101. Qe3+ Kh4 102. Ke4 Kh5 103. Kf5 Kh4 104. Qc3 Kh5 
105. Qh3# 1-0

[Event "Tuesday Night Engine Tour 9 rd Swiss 7m+2s Starts at 2200hrs ST"]
[Site "Infinity Chess"]
[Date "2018.4.25"]
[Round "8"]
[White "star99"]
[Black "quicksilver"]
[Result "1/2-1/2 "]
[ECO "B23"]
[WhiteElo "2465"]
[BlackElo "2429"]
[WhiteEngine "Cryptic Heroes 9.4B"]
[BlackEngine "Cryptic Heroes 9.4B"]
[EventType "Swiss"]
[WhiteTeam ""]
[BlackTeam ""]
[PlyCount "242"]
[TimeControl "420+2"]

1. e4 c5 2. Nc3 Nc6 3. Nge2 Nf6 4. d4 cxd4 5. Nxd4 e5 6. Ndb5 d6 7. Bg5 a6 
8. Na3 b5 9. Nd5 Be7 10. Bxf6 Bxf6 11. c3 O-O 12. Nc2 Be6 13. a4 bxa4 
14. Rxa4 a5 15. Bc4 Bg5 16. O-O Ne7 17. Nce3 Nc8 18. Ra2 Rb8 19. Qd3 Nb6 
20. Nxb6 Bxe3 21. Bxe6 Bxb6 22. Bd5 g6 23. Kh1 Kh8 24. Raa1 Qh4 25. Rae1 f5 
26. exf5 gxf5 27. Re2 Rbe8 28. f3 Qh6 29. g3 Re7 30. Qb5 Rb8 31. Rg2 Rg7 
32. Qd3 Rf8 33. Qb5 Rb8 34. Qd3 Rf8 35. Qa6 Qe3 36. Be6 Ra7 37. Qc4 Qh6 
38. Bd5 Qe3 39. Re2 Qc5 40. Qd3 Re7 41. Rd1 Qc8 42. Red2 Qe8 43. b4 axb4 
44. cxb4 Rc7 45. Rc2 Rxc2 46. Qxc2 Bd4 47. Qd3 Qb8 48. Rb1 Qc8 49. b5 Bb6 
50. Qd2 Qc7 51. Ra1 Qd7 52. Kg2 f4 53. Bc6 Qe6 54. Ra6 Rb8 55. Be4 h5 
56. Qd3 Kg7 57. gxf4 h4 58. Bf5 h3+ 59. Bxh3 Qf6 60. fxe5 Qxe5 61. Ra2 Qc5 
62. Qb1 Re8 63. Bg4 Re5 64. Kg3 Qc4 65. Rb2 Rd5 66. Qe4 Qxe4 67. fxe4 Rd4 
68. Bf3 Kf6 69. h4 Ra4 70. Rb1 Ke5 71. h5 Ra7 72. Rh1 Be3 73. Bg2 Rf7 
74. Rd1 Bd4 75. h6 Rh7 76. Rh1 Be3 77. Kf3 Bxh6 78. Rh5+ Kd4 79. Ke2 Rh8 
80. b6 Rg8 81. Bh3 Bg7 82. b7 Rb8 83. Rd5+ Kxe4 84. Bg2+ Kf4 85. Rh5 d5 
86. Bxd5 Be5 87. Kd3 Re8 88. Rh2 Bb8 89. Rf2+ Kg5 90. Be4 Rd8+ 91. Kc3 Re8 
92. Bc6 Re1 93. Rf8 Bh2 94. Bd5 Rc1+ 95. Kd4 Rd1+ 96. Kc4 Rc1+ 97. Kb3 Rb1+ 
98. Kc4 Rc1+ 99. Kd4 Kg6 100. Rf2 Bb8 101. Rf8 Bd6 102. Be4+ Kg7 103. Rf2 Bb8 
104. Bc2 Ba7+ 105. Kd5 Re1 106. Bb3 Re5+ 107. Kc6 Rc5+ 108. Kd6 Rb5 
109. Rf7+ Kg6 110. Bc4 Rb1 111. Re7 Kg5 112. Bd5 Bb8+ 113. Kd7 Rd1 114. Kc8 Bd6 
115. Kd7 Bb8 116. Kc6 Rc1+ 117. Kb5 Rb1+ 118. Kc5 Rc1+ 119. Kb5 Rb1+ 
120. Kc5 Rc1+ 121. Bc4 Rb1 1/2-1/2

[Event "Tuesday Night Engine Tour 9 rd Swiss 7m+2s Starts at 2200hrs ST"]
[Site "Infinity Chess"]
[Date "2018.4.25"]
[Round "8"]
[White "MarioDeMonti"]
[Black "ironchess"]
[Result "1/2-1/2 "]
[ECO "B32"]
[WhiteElo "2491"]
[BlackElo "2420"]
[WhiteEngine "stockfish_x64_bmi2_2018_02_18_CTG"]
[BlackEngine "Cryptic Heroes 9.4B"]
[EventType "Swiss"]
[WhiteTeam ""]
[BlackTeam ""]
[PlyCount "238"]
[TimeControl "420+2"]

1. e4 c5 2. Nf3 Nc6 3. d4 cxd4 4. Nxd4 e5 5. Nb5 Nf6 6. N1c3 d6 7. Bg5 a6 
8. Na3 b5 9. Nd5 Be7 10. Bxf6 Bxf6 11. c3 O-O 12. Nc2 Be6 13. a4 bxa4 
14. Rxa4 a5 15. Bc4 Bg5 16. O-O Ne7 17. Nxe7+ Qxe7 18. Bxe6 Qxe6 19. Na3 Rfc8 
20. c4 Bd8 21. b3 Bb6 22. Nb5 Bc5 23. Qc2 Qd7 24. Rfa1 Rab8 25. Nc3 Qb7 
26. Nb5 Qd7 27. h3 g6 28. Nc3 Bd4 29. Rxa5 Bxc3 30. Qxc3 Qb7 31. Qd3 Qxb3 
32. Qxd6 Rxc4 33. Qxe5 Qb2 34. Qf4 Rb6 35. R5a2 Qd4 36. Re1 Kg7 37. Kh2 Rf6 
38. Qg3 h6 39. Ree2 g5 40. Ra8 Rb4 41. Ra5 Rb1 42. Qe5 Qc4 43. Re3 Kg6 
44. Ra8 Qe6 45. Qxe6 Rxe6 46. f3 Reb6 47. Rc3 R6b2 48. Rg8+ Kh7 49. Rcc8 Rf1 
50. Rh8+ Kg6 51. Rcg8+ Kh5 52. Rb8 Rff2 53. Rxb2 Rxb2 54. Rg8 f6 55. Kg3 Ra2 
56. Rd8 Kg6 57. h4 Kh5 58. Rd5 Kg6 59. Rd8 Kh5 60. hxg5 hxg5 61. Kh3 Kg6 
62. g3 Kf7 63. Kg4 Ra3 64. Rh8 Kg6 65. Rg8+ Kf7 66. Rd8 Rc3 67. Rd6 Re3 
68. Rd8 Re2 69. Rh8 Ra2 70. Kf5 Ra5+ 71. Kg4 Ra3 72. Rh7+ Ke6 73. Rh6 Ra5 
74. Rh3 Ra7 75. Rh6 Ra3 76. Rh1 Ke7 77. Rg1 Ke6 78. Rc1 Kf7 79. Rf1 Kg6 
80. Rd1 Kf7 81. Rb1 Ke6 82. Rb4 Kf7 83. Rb7+ Ke6 84. Rb2 Kf7 85. Rb5 Ke6 
86. Rb6+ Kf7 87. Rb5 Rd3 88. Rf5 Kg6 89. Ra5 Rc3 90. Ra6 Kf7 91. Ra7+ Kg6 
92. Ra5 Kf7 93. Ra1 Ke6 94. Re1 Ra3 95. Rh1 Kf7 96. Re1 Kg6 97. Rd1 Re3 
98. Rd6 Kf7 99. Ra6 Rc3 100. Ra7+ Kg6 101. Ra5 Kf7 102. Ra6 Re3 103. Ra8 Rc3 
104. Ra5 Re3 105. Rf5 Kg6 106. Rd5 Kf7 107. Rf5 Kg6 108. Kh3 Ra3 109. g4 Ra1 
110. Rc5 Rg1 111. Rb5 Ra1 112. Kg3 Ra3 113. Kg2 Rc3 114. Ra5 Rc2+ 115. Kg3 Rc3 
116. Kf2 Kf7 117. Rf5 Rc6 118. Ra5 Rc7 119. Rf5 Rc6 1/2-1/2

[Event "Tuesday Night Engine Tour 9 rd Swiss 7m+2s Starts at 2200hrs ST"]
[Site "Infinity Chess"]
[Date "2018.4.25"]
[Round "8"]
[White "Thinker"]
[Black "draxlord"]
[Result "1/2-1/2"]
[ECO "C42"]
[WhiteElo "2490"]
[BlackElo "2495"]
[WhiteEngine "BrainFish_180418_x64_modern_CTG"]
[BlackEngine "Cryptic Heroes 9.4B"]
[EventType "Swiss"]
[WhiteTeam ""]
[BlackTeam ""]
[PlyCount "98"]
[TimeControl "420+2"]

1. e4 e5 2. Nf3 Nf6 3. Nxe5 d6 4. Nf3 Nxe4 5. d4 d5 6. Bd3 Nc6 7. O-O Be7 
8. c4 Nf6 9. Nc3 dxc4 10. Bxc4 O-O 11. h3 h6 12. Bf4 Bd6 13. Ne5 Be6 
14. Bxe6 fxe6 15. Nxc6 bxc6 16. Bd2 Qd7 17. Qc2 c5 18. Ne2 cxd4 19. Nxd4 Rae8 
20. Rfe1 Qf7 21. Rad1 e5 22. Nf5 Nh7 23. g4 Qxa2 24. Ra1 Qe6 25. Rxa7 Rf7 
26. Rc1 h5 27. Qc4 hxg4 28. hxg4 Qg6 29. Qe4 Qe6 30. b4 Nf6 31. Qc4 Qxc4 
32. Rxc4 e4 33. g5 Nd5 34. Nxd6 cxd6 35. Ra2 e3 36. Bxe3 Nxe3 37. fxe3 Rxe3 
38. g6 Rf8 39. Rc7 d5 40. Rc6 d4 41. Rd6 d3 42. Kg2 Re2+ 43. Rxe2 dxe2 
44. Re6 Rb8 45. Rxe2 Kf8 46. b5 Rxb5 47. Re6 Rb1 48. Kf2 Ra1 49. Kg2 Rb1 1/2-1/2

[Event "Tuesday Night Engine Tour 9 rd Swiss 7m+2s Starts at 2200hrs ST"]
[Site "Infinity Chess"]
[Date "2018.4.25"]
[Round "8"]
[White "crossbones"]
[Black "TasicV"]
[Result "1/2-1/2"]
[ECO "D15"]
[WhiteElo "2561"]
[BlackElo "2478"]
[WhiteEngine "Cryptic Heroes 9.4B"]
[BlackEngine "S_XPrO.020418.64.BMI2_CTG"]
[EventType "Swiss"]
[WhiteTeam ""]
[BlackTeam ""]
[PlyCount "94"]
[TimeControl "420+2"]

1. d4 d5 2. c4 c6 3. Nf3 Nf6 4. Nc3 e6 5. e3 Nbd7 6. Qc2 Bd6 7. Be2 O-O 
8. O-O Re8 9. Rd1 Qe7 10. b3 b6 11. a4 a5 12. e4 dxe4 13. Nxe4 Nxe4 14. Qxe4 Nf6 
15. Qe3 c5 16. Ne5 Bb7 17. Bb2 Rad8 18. Bf3 Bxf3 19. Nxf3 Qb7 20. h3 Qe4 
21. Qxe4 Nxe4 22. d5 f6 23. dxe6 Rxe6 24. Rd5 Rde8 25. Rad1 Bb8 26. Rd8 Kf7 
27. R1d7+ R6e7 28. g4 Rxd8 29. Rxd8 Bc7 30. Rd5 g5 31. Kg2 Re6 32. Bc1 Ke7 
33. Ng1 Nc3 34. Rd3 Na2 35. Bd2 Bd6 36. h4 Nb4 37. Bxb4 cxb4 38. Nf3 Re4 
39. Re3 Rxe3 40. fxe3 gxh4 41. Nxh4 Ke6 42. Nf5 Bc5 43. Kf2 Ke5 44. Ng3 Ke6 
45. Nf5 Ke5 46. Ng3 Be7 47. Nf5 Bc5 1/2-1/2

[Event "Tuesday Night Engine Tour 9 rd Swiss 7m+2s Starts at 2200hrs ST"]
[Site "Infinity Chess"]
[Date "2018.4.25"]
[Round "8"]
[White "blindfoldchess"]
[Black "Deep_Impact"]
[Result "1/2-1/2"]
[ECO "C26"]
[WhiteElo "2544"]
[BlackElo "2528"]
[WhiteEngine "Cryptic Heroes 9.4B"]
[BlackEngine "BrainFish_180411_x64_bmi2"]
[EventType "Swiss"]
[WhiteTeam ""]
[BlackTeam ""]
[PlyCount "188"]
[TimeControl "420+2"]

1. e4 e5 2. Nc3 Nf6 3. g3 Bc5 4. Nge2 Ng4 5. d4 exd4 6. Nxd4 Nxf2 7. Kxf2 Qf6+ 
8. Ke3 Nc6 9. Ncb5 Qe5 10. c3 a6 11. Nxc7+ Qxc7 12. Kf2 d6 13. Bg2 b5 14. a3 a5 
15. Rf1 Ne5 16. Kg1 Bg4 17. Qd2 Be6 18. Kh1 Bc4 19. Rd1 a4 20. Qg5 f6 
21. Qf4 O-O 22. Be3 Rae8 23. Rd2 Nd3 24. Qf3 Qb8 25. h3 Ne5 26. Qf4 Bf7 
27. Re2 Bc4 28. Rd2 Bf7 29. Re2 Bxd4 30. cxd4 Nd3 31. Qf3 Qc8 32. Bf4 Nxf4 
33. Qxf4 Bc4 34. Ree1 Rf7 35. Rad1 Qc7 36. Kh2 Rfe7 37. h4 h6 38. Qd2 f5 
39. Qf4 fxe4 40. Rxe4 Rxe4 41. Bxe4 Qf7 42. Qxf7+ Kxf7 43. Bf3 Kf6 44. Kg1 b4 
45. axb4 Rb8 46. Rd2 Rxb4 47. Kf2 g5 48. Bd1 Bb3 49. Bg4 Bd5 50. Bd1 Bb3 
51. Bg4 Bf7 52. Ke3 Rb3+ 53. Kf2 Rb4 54. Ke3 Rb3+ 55. Kf2 h5 56. Bd1 Rb4 
57. hxg5+ Kxg5 58. Ke3 Bb3 59. Bf3 Be6 60. Kf2 Bg4 61. Bd5 Bf5 62. Bf3 Be6 
63. Ke3 Rb3+ 64. Kf2 Rb4 65. Ke3 Rb3+ 66. Kf2 Bg4 67. Bc6 Rb4 68. Ke3 Bf5 
69. Kf2 Be6 70. Ke3 d5 71. Kf2 Rc4 72. Bb5 Rb4 73. Bc6 Kf6 74. Ke3 Rc4 
75. Be8 Bg4 76. Rf2+ Ke7 77. Bf7 a3 78. bxa3 Rc3+ 79. Kd2 Rxa3 80. Bxd5 Rxg3 
81. Rf7+ Kd6 82. Bc4 h4 83. Rf4 Rg2+ 84. Ke3 h3 85. Rf6+ Ke7 86. Rf7+ Kd6 
87. Rf6+ Kd7 88. Rh6 h2 89. Rh7+ Kd6 90. Rh6+ Ke7 91. Bb3 Bd7 92. Bd5 Rg3+ 
93. Kf2 Rh3 94. Rxh3 Bxh3 1/2-1/2

[Event "Tuesday Night Engine Tour 9 rd Swiss 7m+2s Starts at 2200hrs ST"]
[Site "Infinity Chess"]
[Date "2018.4.25"]
[Round "8"]
[White "Murx"]
[Black "Seliga"]
[Result "1-0"]
[ECO "C50"]
[WhiteElo "2560"]
[BlackElo "2518"]
[WhiteEngine "asmFishW_2018-04-07_popcnt"]
[BlackEngine "SF9 ''A23''_CTG"]
[EventType "Swiss"]
[WhiteTeam ""]
[BlackTeam ""]
[PlyCount "90"]
[TimeControl "420+2"]

1. e4 e5 2. Nf3 Nc6 3. Bc4 Bc5 4. O-O Nf6 5. d3 O-O 6. c3 d6 7. Nbd2 Bb6 
8. Bb3 h6 9. Re1 Ng4 10. Re2 Nf6 11. Nc4 Bg4 12. Re1 Na5 13. Nxa5 Bxa5 
14. h3 Bd7 15. d4 Re8 16. dxe5 dxe5 17. Nh4 g5 18. Qf3 gxh4 19. Bxh6 Qe7 
20. Rad1 Be6 21. Rd5 Bxd5 22. Qf5 Kh8 23. Qg5 Rg8 24. Qxh4 Qe6 25. Bxd5 Qa6 
26. b4 Nh5 27. Qxh5 Qg6 28. Qxe5+ Kh7 29. Qg5 Bxb4 30. cxb4 Qxg5 31. Bxg5 Rxg5 
32. Bxf7 a5 33. e5 Kg7 34. Bb3 a4 35. Bc2 Rh5 36. Re3 Rhh8 37. f4 b5 38. f5 c5 
39. Be4 Rad8 40. bxc5 b4 41. Kf2 Rd4 42. c6 Re8 43. f6+ Kf7 44. c7 Rc8 
45. e6+ Kxf6 1-0

[Event "Tuesday Night Engine Tour 9 rd Swiss 7m+2s Starts at 2200hrs ST"]
[Site "Infinity Chess"]
[Date "2018.4.25"]
[Round "8"]
[White "KRAKEN"]
[Black "juggernaut"]
[Result "1/2-1/2"]
[ECO "D31"]
[WhiteElo "2563"]
[BlackElo "2563"]
[WhiteEngine "Raubfisch ME262_GTZ17b2_CTG"]
[BlackEngine "Cryptic Heroes 9.4B"]
[EventType "Swiss"]
[WhiteTeam ""]
[BlackTeam ""]
[PlyCount "82"]
[TimeControl "420+2"]

1. d4 d5 2. c4 e6 3. Nc3 c6 4. e3 Nf6 5. Nf3 Nbd7 6. Bd3 dxc4 7. Bxc4 b5 
8. Be2 Bb7 9. O-O Be7 10. a3 a5 11. b3 O-O 12. Bb2 b4 13. Na4 c5 14. dxc5 Nxc5 
15. Nxc5 Bxc5 16. Ne5 Qe7 17. axb4 Bxb4 18. Bd3 Ne4 19. Qh5 f5 20. Rfd1 Rfd8 
21. Rac1 Nd2 22. h3 Bd5 23. Bb5 Rab8 24. Bc4 Be4 25. Ba6 Nxb3 26. Nc6 Rxd1+ 
27. Qxd1 Qd6 28. Be5 Qxd1+ 29. Rxd1 Ra8 30. Nxb4 axb4 31. Bc4 Nc5 32. f3 Bc2 
33. Rd6 Bb3 34. Bxb3 Nxb3 35. Rxe6 Ra5 36. Re7 g6 37. Bd6 Rb5 38. Re8+ Kf7 
39. Re7+ Kg8 40. Re8+ Kf7 41. Re7+ Kg8 1/2-1/2